 Dungeon Crawl Stone Soup version 0.21-a0-260-g9b2435e (console) character file.

4434 Mandevil the Spear-Bearer (level 10, -1/91 HPs)
             Began as a Naga Fighter on Sept 7, 2017.
             Was a Follower of Cheibriados.
             Slain by a death drake (5 damage)
             ... on level 9 of the Dungeon.
             The game lasted 00:24:38 (6842 turns).

Mandevil the Spear-Bearer (Naga Fighter)            Turns: 6842, Time: 00:24:41

Health: -1/91      AC: 17    Str: 25    XL:     10   Next: 36%
Magic:  15/15      EV:  8    Int: 11    God:    Cheibriados [*.....]
Gold:   296        SH:  0    Dex: 18    Spells: 9/9 levels left

rFire    . . .     SeeInvis +   a - +9 hand axe "Qoar" {chop, Dex+4 Stlth+}
rCold    + . .     Gourm    +   (no shield)
rNeg     . . .     Faith    .   y - +1 ring mail {rC+}
rPois    +         Spirit   .   A - +1 helmet
rElec    .         Reflect  .   (no cloak)
rCorr    .         Harm     .   (no gloves)
MR       +....                  (no barding)
Stlth    ++++......             O - amulet of the gourmand
HPRegen  0.25/turn              N - +5 ring of protection
MPRegen  0.14/turn              C - +3 ring of protection

@: lethally poisoned (-1 -> -9), slowed, very slow
A: see invisible, deformed body, poison resistance, slowness 2, slow metabolism
1, spit poison 1, AC +3
a: Spit Poison, Bend Time, Renounce Religion


You were on level 9 of the Dungeon.
You worshipped Cheibriados.
Cheibriados was aware of your devotion.
You were very full.

You visited 2 branches of the dungeon, and saw 10 of its levels.

You collected 296 gold pieces.

Inventory:

Hand Weapons
 a - the +9 hand axe "Qoar" (weapon) {chop, Dex+4 Stlth+}
   (You found it on level 4 of the Dungeon)

   It inflicts extra damage upon your enemies.
   It affects your dexterity (+4).
   It makes you more stealthy.
 b - a +0 blowgun
 k - a +1 shortbow of flaming
 J - a +0 trident
Missiles
 q - 61 sling bullets
 s - 246 stones (quivered)
 t - 7 tomahawks
 B - 172 arrows
 D - 2 needles of confusion
 E - 39 bolts
 F - 32 poisoned needles
 G - 4 large rocks
Armour
 y - a +1 ring mail of cold resistance (worn)
 A - a +1 helmet (worn)
Jewellery
 e - an uncursed ring of stealth
 i - an uncursed ring of flight
 C - a +3 ring of protection (right hand)
 M - an uncursed ring of ice
 N - a +5 ring of protection (left hand)
 O - an amulet of the gourmand (around neck)
 P - an uncursed ring of protection from magic
 T - an uncursed ring of stealth
Wands
 l - a wand of clouds (7/9)
 v - a wand of clouds (4/9)
 w - a wand of flame (0/48)
 R - a wand of polymorph (6/24)
Scrolls
 h - 5 scrolls of remove curse
 m - 3 scrolls of teleportation
 n - a scroll of immolation
 u - a scroll of magic mapping
 x - a scroll of amnesia
 Q - 3 scrolls of fog
Potions
 c - 2 potions of invisibility
 d - a potion of might
 p - 5 potions of curing
 r - 2 potions of agility {unknown}
 z - a potion of berserk rage
 I - 3 potions of brilliance
 K - a potion of magic
 S - a potion of cancellation {unknown}
Comestibles
 f - 9 bread rations
 g - 2 meat rations
 o - a royal jelly
 L - 2 fruits


   Skills:
 - Level 5.9 Fighting
 + Level 9.4 Polearms
 - Level 2.4 Armour
 - Level 6.7 Stealth
   Level 2.4 Shields
 + Level 5.8 Invocations
 + Level 7.6 Evocations


You had 9 spell levels left.
You didn't know any spells.

Dungeon Overview and Level Annotations

Branches:
Dungeon (9/15)             Temple (1/1) D:7            Lair (0/6) D:8
    Orc: D:9-12

Altars:
Ashenzari
Cheibriados
Dithmenos
Elyvilon
Fedhas
Gozag
Hepliaklqana
Kikubaaqudgha
Makhleb
Nemelex Xobeh
Okawaru
Ru
Sif Muna
Trog
Uskayaw
Vehumet
Wu Jian
Xom
Yredelemnul
Zin
The Shining One

Annotations:
D:9 Joseph


Innate Abilities, Weirdness & Mutations

You cannot wear boots.
Your serpentine skin is tough. (AC +3)
You have supernaturally acute eyesight. (SInv)
Armour fits poorly on your strangely shaped body.
Your system is resistant to poisons. (rPois)
You cover ground very slowly.
You have a slow metabolism.
You can spit poison.


Message History

You feel as though you will be slow longer.
* * * LOW HITPOINT WARNING * * *
x2 You feel sick.
The death drake bites you but does no damage.
The death drake barely misses you.
You slash the death drake!
The death drake is severely wounded.
You are engulfed in dark miasma.
* * * LOW HITPOINT WARNING * * *
x2 You feel sick.
The death drake bites you but does no damage.
The death drake closely misses you.
You feel better.
You are engulfed in dark miasma.
You are lethally poisoned!
You feel as though you will be slow longer.
* * * LOW HITPOINT WARNING * * *
x2 You feel sick.
The death drake bites you but does no damage.
The death drake bites you.
You die...

###### #..... #.#### #.#
### #.# .... ###'####
....0 #.......
......############.....##
.......kN.....>........'.
.)....############....)##
....0 #.....# ....
#.....# ... #.....# ..
#.....# . #######


You could see a death drake.

Vanquished Creatures
  A two-headed ogre (D:8)
  A wyvern (D:7)
  Grum (D:8)
  A water moccasin (D:8)
  3 porcupines (D:8)
  An ice beast (D:4)
  A sky beast (D:7)
  2 necrophages
  4 black bears (D:8)
  A phantom (D:5)
  4 centaurs
  4 wolves (D:8)
  3 crocodiles (D:8)
  3 bullfrogs
  A howler monkey (D:7)
  4 crimson imps
  3 hounds
  4 jellies
  3 orc priests
  Crazy Yiuf (D:5)
  4 iguanas
  6 orc wizards
  A bullfrog skeleton (D:4)
  Jessica (D:2)
  2 worker ants
  A hound zombie (D:6)
  2 hound skeletons (D:6)
  A worker ant zombie (D:6)
  15 adders
  3 shadow imps
  9 oozes
  3 adder skeletons
  An adder zombie (D:6)
  A worm (D:3)
  2 dart slugs
  5 leopard geckos
  27 orcs
  A ball python (D:5)
  6 bats
  6 giant cockroaches
  8 goblins
  10 hobgoblins
  4 jackals (D:3)
  10 kobolds
  A quokka (D:5)
  A frilled lizard (D:2)
  A leopard gecko skeleton (D:2)
  A quokka zombie (D:7)
  9 rats
188 creatures vanquished.

Vanquished Creatures (others)
  7 toadstools (D:4)
7 creatures vanquished.

Grand Total: 195 creatures vanquished

Notes
Turn   | Place    | Note
-------+----------+-------------------------------------------
     0 | D:1      | Mandevil the Naga Fighter began the quest for the Orb.
     0 | D:1      | Reached XP level 1. HP: 21/21 MP: 1/1
   185 | D:1      | Reached skill level 1 in Stealth
   185 | D:1      | Reached XP level 2. HP: 22/28 MP: 2/2
   515 | D:2      | Reached XP level 3. HP: 23/34 MP: 3/3
   867 | D:2      | Noticed Jessica
   883 | D:2      | Reached XP level 4. HP: 36/43 MP: 4/4
   885 | D:2      | Killed Jessica
   885 | D:2      | Reached skill level 3 in Polearms
  1566 | D:2      | Reached XP level 5. HP: 5/50 MP: 5/5
  2360 | D:3      | Found a blossoming altar of Fedhas.
  2360 | D:3      | Found an opulent altar of Gozag.
  2377 | D:3      | Found an ornate altar of the Wu Jian Council.
  2434 | D:3      | Found a radiant altar of Vehumet.
  2581 | D:3      | Reached skill level 5 in Stealth
  2875 | D:4      | Reached XP level 6. HP: 49/57 MP: 6/6
  2931 | D:4      | Reached skill level 4 in Polearms
  2973 | D:4      | Noticed an ice beast
  2991 | D:4      | Killed an ice beast
  3181 | D:4      | Reached XP level 7. HP: 60/66 MP: 7/7
  3300 | D:4      | Got a faintly glowing hand axe
  3301 | D:4      | Identified the +9 hand axe "Qoar" {chop, Dex+4 Stlth+} (You found it on level 4 of the Dungeon)
  3513 | D:4      | Reached skill level 5 in Fighting
  3589 | D:5      | Entered Level 5 of the Dungeon
  3611 | D:5      | Reached skill level 5 in Polearms
  3656 | D:5      | Found a hide-covered altar of Uskayaw.
  4138 | D:5      | Found a runed door.
  4142 | D:5      | Noticed Crazy Yiuf
  4146 | D:5      | Killed Crazy Yiuf
  4264 | D:6      | Reached skill level 1 in Evocations
  4264 | D:6      | Reached XP level 8. HP: 76/76 MP: 8/8
  4359 | D:6      | Reached skill level 6 in Polearms
  4490 | D:6      | Found a burning altar of Makhleb.
  4865 | D:7      | Noticed a wyvern
  4871 | D:7      | Killed a wyvern
  4930 | D:7      | Reached skill level 7 in Polearms
  5034 | D:7      | Reached XP level 9. HP: 69/82 MP: 12/12
  5068 | D:7      | Reached skill level 5 in Evocations
  5308 | D:7      | Found a staircase to the Ecumenical Temple.
  5325 | Temple   | Entered the Ecumenical Temple
  5431 | Temple   | Became a worshipper of Cheibriados the Contemplative
  5704 | D:8      | Reached skill level 1 in Invocations
  5716 | D:8      | Noticed Grum
  5717 | D:8      | Reached skill level 8 in Polearms
  5724 | D:8      | Reached * piety under Cheibriados
  5725 | D:8      | Killed Grum
  5729 | D:8      | Reached XP level 10. HP: 79/91 MP: 13/15
  5773 | D:8      | Found a staircase to the Lair.
  5785 | D:8      | Reached skill level 9 in Polearms
  5886 | D:8      | Noticed a two-headed ogre
  5894 | D:8      | Killed a two-headed ogre
  5894 | D:8      | Reached skill level 5 in Invocations
  6341 | D:8      | Reached ** piety under Cheibriados
  6821 | D:9      | Noticed a two-headed ogre
  6823 | D:9      | Noticed a death drake
  6823 | D:9      | a two-headed ogre changed into a death drake
  6826 | D:9      | Noticed Joseph
  6836 | D:9      | HP: 3/91 [death drake/foul vapour (13)]
  6841 | D:9      | HP: 3/91 [poisoned by a death drake (dark miasma)]
  6842 | D:9      | Slain by a death drake

Vault maps used:
D:1:      enne_arrival_octagon_isle
D:2:      first_bread, uniq_jessica
D:3:      marbit_many_paths, gammafunk_temple_overflow_claw
D:4:      cheibrodos_fertilizer, corexii_checkpoint_a
D:5:      eat_drink_and_be_merry_uskayaw, minmay_misc_feat_four_crosses,
          kennysheep_generic_room_4, uniq_crazy_yiuf_cottage
D:6:      makhleb_blood_cavern_becter
D:7:      minmay_temple_entry_statues_pillars
D:8:      minmay_lair_entry_grove, enter_bailey_2, uniq_grum
D:9:      okawaru_arena_lexackson, uniq_joseph
Temple:   eino_temple_scatter_basement

Skill      XL: |  1  2  3  4  5  6  7  8  9 10 |
---------------+-------------------------------+-----
Stealth        | 1 2 3 4 5 6 |  6.7
Polearms       | 3 4 5 7 8 9 |  9.4
Fighting       | 4 5 |  5.9
Evocations     | 1 4 6 7 |  7.6
Invocations    | 4 5 |  5.8
Armour         | |  2.4
Shields        | |  2.4

Action                   |  1- 3 |  4- 6 |  7- 9 | 10-12 || total
-------------------------+-------+-------+-------+-------++-------
Melee: Trident           |   127 |   275 |    19 |       ||   421
       Hand axe          |       |       |   190 |    68 ||   258
Throw: Stone             |     5 |    24 |    98 |    46 ||   173
 Abil: Spit Poison       |     3 |     9 |     2 |       ||    14
Evoke: Wand              |       |       |     5 |     1 ||     6
  Use: Scroll            |     2 |       |    17 |     2 ||    21
       Potion            |       |       |     2 |     3 ||     5
 Stab: Sleeping          |       |       |     1 |       ||     1
       Distracted        |       |       |     1 |       ||     1
  Eat: Chunk             |       |     7 |    21 |     2 ||    30
Armor: Scale mail        |    36 |    25 |       |       ||    61
       Chain mail        |       |    94 |   120 |    19 ||   233
       Skin              |       |       |    18 |       ||    18
       Ring mail         |       |       |       |    31 ||    31
Dodge: Dodged            |    24 |    39 |    21 |    21 ||   105
Block: Shield            |    37 |   111 |    85 |    16 ||   249

Table legend:
 A = Spawn XP
 B = Non-spawn XP
 C = Spawn XP percentage of total XP
 D = Spawn monster count
 E = Non-spawn monster count
 F = Spawn count percentage of total count
 G = Total turns spent on level
                    A         B        C        D         E        F      G
               +---------+---------+-------+---------+---------+-------+---------
         Total |       0 |    6335 |   0.0 |       0 |     188 |   0.0 |  6842
               +---------+---------+-------+---------+---------+-------+---------
           D:1 |       0 |      32 |   0.0 |       0 |      17 |   0.0 |   505
           D:2 |       0 |     140 |   0.0 |       0 |      22 |   0.0 |  1172
           D:3 |       0 |     141 |   0.0 |       0 |      26 |   0.0 |  1135
           D:4 |       0 |     514 |   0.0 |       0 |      37 |   0.0 |   777
           D:5 |       0 |     358 |   0.0 |       0 |      12 |   0.0 |   667
           D:6 |       0 |     624 |   0.0 |       0 |      23 |   0.0 |   521
           D:7 |       0 |     790 |   0.0 |       0 |      16 |   0.0 |   790
           D:8 |       0 |    3618 |   0.0 |       0 |      34 |   0.0 |   954
           D:9 |       0 |     118 |   0.0 |       0 |       1 |   0.0 |   204
               +---------+---------+-------+---------+---------+-------+---------
